Cogmind - Beta 17 @@@ ROGUE MODE // 2026.08.04 @ 15:46:14 Player: Quad Result: Self-destructed Performance ------------- Evolutions (2) 1000 Regions Visited (4) 800 Robots Destroyed (18) 90 Value Destroyed (705) 705 Prototype IDs (1) 20 Alien Tech Used (0) 0 Bonus (-173) -173 TOTAL SCORE: 2442 Bonus ------- Friendly Fire -173 Cogmind --------- Core Integrity 177/550 Matter 300/300 Energy 100/100 System Corruption 4% Temperature Cool (0) Movement Walking (120) Location -8/Materials Parts ------- > --- POWER (1) -------- (None) > --- PROPULSION (3) --- Aluminum Leg > --- UTILITY (4) ------ (None) > --- WEAPON (3) ------- Particle Gun > --- INVENTORY (5) ---- Deuterium Engine Terrain Scanner Targeting Computer Datajack Peak State ------------ > --- POWER ------------ Ion Engine > --- PROPULSION ------- Carbon-fiber Leg > --- UTILITY ---------- Medium Storage Unit Improved Sensor Array Improved Signal Interpreter Reaction Control System > --- WEAPON ----------- Beamcaster Beamcaster Heavy Assault Rifle > --- INVENTORY -------- Targeting Computer Datajack [Rating: 26] Favorites ----------- Power Improved Ion Engine Engine Improved Ion Engine Propulsion Light Treads Treads Light Treads Leg Carbon-fiber Leg Utility Medium Storage Unit Device Splice Drone Bay Storage Medium Storage Unit Processor Improved Signal Interpreter Weapon Light Assault Rifle Energy Gun Beamcaster Ballistic Gun Light Assault Rifle Ballistic Cannon Light Cannon Launcher Grenade Launcher Build | -11 -10 -10 -10 -8 ------- Run | Yrd Mat Min Sub Mat Slots Evolved 4 | . . . . 4 Power . | . . . . . Propulsion 1 | . . . . 1 Utility 2 | . . . . 2 Weapon 1 | . . . . 1 Parts Attached 32 | 6 2 7 8 9 Power 4 | 1 . 1 1 1 Engine 4 | 1 . 1 1 1 Core . | . . . . . Reactor . | . . . . . Propulsion 8 | 2 . 1 3 2 Treads 4 | 2 . 1 1 . Leg 4 | . . . 2 2 Wheel . | . . . . . Hover . | . . . . . Flight . | . . . . . Utility 9 | 1 2 3 . 3 Device 4 | . 1 1 . 2 Storage 3 | 1 . 2 . . Processor 2 | . 1 . . 1 Hackware . | . . . . . Protection . | . . . . . Artifact . | . . . . . Weapon 11 | 2 . 2 4 3 Energy Gun 4 | . . . 2 2 Energy Cannon . | . . . . . Ballistic Gun 4 | 2 . 1 . 1 Ballistic Cannon 1 | . . 1 . . Launcher 2 | . . . 2 . Special Weapon . | . . . . . Impact Weapon . | . . . . . Slashing Weapon . | . . . . . Piercing Weapon . | . . . . . Special Melee Weapon . | . . . . . Unidentified Prototypes 1 | . . 1 . . Parts Lost 22 | . . 1 7 14 Power 3 | . . . 1 2 Propulsion 6 | . . 1 2 3 Utility 6 | . . . 2 4 Weapon 7 | . . . 2 5 Highest Loss Streak 10 | . . 1 4 10 To Critical Strikes . | . . . . . Average Backups 4 | . 2 6 5 3 Power . | . 1 1 1 . Propulsion . | . . . . . Utility 1 | . . 1 1 1 Weapon 1 | . 1 2 2 . Tool/Special . | . . . . . Unused Backups 5 | . . . 1 4 Power 1 | . . . . 1 Propulsion . | . . . . . Utility 2 | . . . . 2 Weapon 1 | . . . 1 . Tool/Special 1 | . . . . 1 Average Slot Usage (%) 87 | . 99 99 80 64 Engine 10 | . 14 14 4 6 Treads 16 | . 28 27 4 . Leg 7 | . . . 20 8 Device 11 | . 9 14 9 10 Storage 12 | . 14 14 14 8 Processor 1 | . 4 . . 7 Energy Gun 6 | . . . 12 13 Ballistic Gun 13 | . 28 20 2 5 Ballistic Cannon 4 | . . 7 2 . Launcher 2 | . . . 7 2 Peak Build Rating 26 | 6 7 15 20 26 Average Rating 14 | 4 6 13 14 19 On Entrance 8 | . 6 7 15 15 Avg Prop Armor Cover (%) . | . . . . . Naked Turns . | . . . . . Heaviest Build 31 | 12 13 31 31 30 Greatest Support 45 | 40 40 40 40 45 Greatest Overweight (x) 10 | . . 1 10 6 Average Overweight (x) . | . . . . . Largest Inventory Capacity 10 | 8 8 10 10 10 Average Capacity 9 | 7 8 8 10 9 Most Carried 8 | 2 3 8 8 4 Average Carried 4 | . 2 6 5 3 Final Capacity 10 | 8 8 10 10 5 Final Carried 8 | 2 3 8 4 4 Class Distribution -------------------- 80% | Mutant 11% | Skirmisher 7% | Scavenger-Mutant Dominant Class ---------------- Mutant | -10/Materials Mutant | -10/Mines Mutant | -10/Subcaves Skirmisher | -8/Materials Resources | -11 -10 -10 -10 -8 ----------- Run | Yrd Mat Min Sub Mat Matter Collected 882 | 145 12 128 285 312 Remotely . | . . . . . Salvage Created 753 | . 12 110 199 432 Parts 32 | . 1 3 12 16 Haulers Intercepted . | . . . . . Recyclers Shooed . | . . . . . Parts Field Recycled . | . . . . . Retrieved Matter . | . . . . . Parts Self-Destructed 9 | . . . 9 . Prevented . | . . . . . Parts Restored . | . . . . . Kills | -11 -10 -10 -10 -8 ------- Run | Yrd Mat Min Sub Mat Combat Hostiles Destroyed 15 | . . 2 5 8 Guns 8 | . . 2 . 6 AOE 7 | . . . 5 2 Classes Destroyed 6 | . 1 1 2 2 Recycler 1 | . . . . 1 Watcher 1 | . 1 . . . Grunt 5 | . . . . 5 Sentry 5 | . . 2 . 3 Subdweller 5 | . . . 5 . Guerrilla 1 | . . . 1 . Best Kill Streak 4 | . 1 2 2 4 Combat Bots Only 4 | . . 2 2 4 Max Kills in Single Turn 1 | . 1 1 1 1 Gunslinging . | . . . . . Exploded 1 | . . . 1 1 Melee . | . . . . . Uniques/NPCs Destroyed . | . . . . . Combat | -11 -10 -10 -10 -8 -------- Run | Yrd Mat Min Sub Mat Hostile Shots Fired 201 | . 41 8 48 104 Missed 62 | . 13 4 13 32 Hits 139 | . 28 4 35 72 Melee 1 | . . . . 1 Projectile 138 | . 28 4 35 71 AOE 1 | . . . . 1 Critical Strikes 4 | . 1 . 2 1 Damage Taken 2611 | . 386 59 982 1184 Core 560 | . 65 . 122 373 Absorbed by Shields . | . . . . . Core Remaining (%) 62 | 100 . . 25 . Volleys Fired 81 | . 13 8 21 39 Largest 3 | . 2 2 2 3 Hottest 173 | . 40 40 108 173 Shots Fired 155 | . 26 16 37 76 Gun 126 | . 26 16 19 65 Cannon 2 | . . . 2 . Launcher 27 | . . . 16 11 Special . | . . . . . Kinetic 63 | . 26 16 4 17 Thermal 65 | . . . 17 48 Explosive 27 | . . . 16 11 Electromagnetic . | . . . . . Robot Hit Streak 13 | . 5 11 12 13 Robot Miss Streak 3 | . 2 1 2 3 Penetration Max . | . . . . . Secondary Targets 2 | . . 1 . 1 Max Gunslinging Chain 1 | . . 1 . 1 Shots Hit Robots 87 | . 16 13 17 41 Core Hits 54 | . 4 5 17 28 Critical Kills . | . . . . . Critical Parts Destroyed . | . . . . . Critical Strikes 5 | . . . . 5 Burn 5 | . . . . 5 Melee Attacks . | . . . . . Impact . | . . . . . Slashing . | . . . . . Piercing . | . . . . . Sneak Attacks . | . . . . . Combat Hostiles . | . . . . . Follow-up Attacks . | . . . . . Damage Inflicted 2048 | . 123 96 824 1005 Guns 1237 | . 123 96 239 779 Cannons 32 | . . . 32 . Explosions 779 | . . . 553 226 Melee . | . . . . . Ramming . | . . . . . Kinetic 406 | . 123 96 64 123 Thermal 863 | . . . 207 656 Explosive 779 | . . . 553 226 Electromagnetic . | . . . . . Impact . | . . . . . Slashing . | . . . . . Piercing . | . . . . . Highest Corruption 4 | . . . . 4 Average Corruption 4 | . . . . 4 Corruption Purged . | . . . . . Corruption Blocked . | . . . . . Effects 1 | . . . . 1 Message Errors 1 | . . . . 1 Overload Shots . | . . . . . Overflow Damage 62 | . . . 62 . Projectiles . | . . . . . Explosions 62 | . . . 62 . Melee . | . . . . . Knockbacks . | . . . . . Impact . | . . . . . Kinetic . | . . . . . Secondary . | . . . . . Self-Inflicted Damage 271 | . . . 246 25 Shots 9 | . . . 8 1 Rammed . | . . . . . Targets Rammed . | . . . . . Kicked . | . . . . . Crushed . | . . . . . Highest Temperature 491 | . 15 9 . 491 Average Temperature 168 | . 9 9 . 180 Received Heat Transfer 897 | . 237 9 90 561 Effects 7 | . . . . 7 Shutdowns 3 | . . . . 3 Energy Bleed 1 | . . . . 1 Interference 1 | . . . . 1 Matter Decay 1 | . . . . 1 Damage (major) 1 | . . . . 1 Siege Activations . | . . . . . Martial Activations . | . . . . . Shielding Activations . | . . . . . Robots Disrupted . | . . . . . Combat Hostiles . | . . . . . Robots Corrupted . | . . . . . Combat Hostiles . | . . . . . Parts Fried . | . . . . . Impact Corruptions . | . . . . . Robots Melted . | . . . . . Combat Hostiles . | . . . . . Parts Melted 2 | . . . . 2 Heat Transferred 1998 | . . . 370 1628 Parts Sabotaged . | . . . . . Parts Stolen . | . . . . . Parts Stripped . | . . . . . Power Chain Reactions . | . . . . . Alert | -11 -10 -10 -10 -8 ------- Run | Yrd Mat Min Sub Mat Maximum Alert Level . | . . . . . Low Security (%) 100 | 100 100 100 . 100 Level 1 . | . . . . . Level 2 . | . . . . . Level 3 . | . . . . . Level 4 . | . . . . . Level 5 . | . . . . . High Security . | . . . . . Max Security . | . . . . . Peak Influence 156 | . 15 40 . 156 Initial . | . . . . . Average 17 | . 1 1 . 63 Influence Increases 379 | . 22 40 . 317 Destroy 0b10 Robot/C 200 | . . 40 . 160 Destroy 0b10 Robot/NC 10 | . 5 . . 5 Destroy Leader 42 | . 2 . . 40 Disable Machine 30 | . . . . 30 Destroy Structure 67 | . . . . 67 Lose Combat Pursuer 30 | . 15 . . 15 Influence Decreases 379 | . 22 40 . 317 Time Decay 282 | . 22 40 . 220 Lost Part 97 | . . . . 97 Squads Dispatched 3 | . 1 . . 2 Investigation 1 | . 1 . . . Extermination . | . . . . . Reinforcement . | . . . . . Assault . | . . . . . Garrison 2 | . . . . 2 Intercept . | . . . . . Searches Triggered . | . . . . . Construction Impeded . | . . . . . Haulers Reinforced . | . . . . . Active Scanning Responses . | . . . . . Cargo Convoy Interrupts . | . . . . . Stealth | -11 -10 -10 -10 -8 --------- Run | Yrd Mat Min Sub Mat Distress Signals 1 | . 1 . . . Communications Jammed . | . . . . . Distress Signals . | . . . . . Times Spotted 43 | . 6 4 14 19 Peak Tracking Total 6 | . 4 2 6 6 Tactical Retreats 2 | . 1 . . 1 Traps | -11 -10 -10 -10 -8 ------- Run | Yrd Mat Min Sub Mat Traps Triggered 1 | . 1 . . . Indirectly . | . . . . . Trap Hack Attempts . | . . . . . Triggered . | . . . . . Disarmed . | . . . . . Reprogrammed . | . . . . . Reused . | . . . . . Traps Extracted . | . . . . . Installed . | . . . . . Triggered . | . . . . . Machines | -11 -10 -10 -10 -8 ---------- Run | Yrd Mat Min Sub Mat Machines Disabled 3 | . . 1 . 2 Max in Single Turn 1 | . . . . 1 Machines Repaired . | . . . . . Machines Dismantled . | . . . . . Machines Sabotaged . | . . . . . Overloaded Fab Kills . | . . . . . Hacking | -11 -10 -10 -10 -8 --------- Run | Yrd Mat Min Sub Mat Machines Accessed 4 | . 1 1 . 2 Terminals 1 | . 1 . . . Fabricators . | . . . . . Repair Stations . | . . . . . Recycling Units 2 | . . . . 2 Scanalyzers . | . . . . . Garrison Access . | . . . . . Total Hacks 6 | . 2 1 . 3 Successful 6 | . 2 1 . 3 Failed . | . . . . . Catastrophic . | . . . . . Database Lockouts . | . . . . . Manual . | . . . . . Terminals 2 | . 2 . . . Fabricators . | . . . . . Repair Stations . | . . . . . Recycling Units 3 | . . . . 3 Scanalyzers . | . . . . . Garrison Access . | . . . . . Terminal Hacks 3 | . 2 1 . . Record 1 | . 1 . . . Open Door 1 | . . 1 . . Dispatch Records 1 | . 1 . . . Fabricator Hacks . | . . . . . Repair Station Hacks . | . . . . . Recycling Unit Hacks 3 | . . . . 3 Report Inventory 2 | . . . . 2 Retrieve Matter 1 | . . . . 1 Scanalyzer . | . . . . . Garrison Access Hacks . | . . . . . Unauthorized Hacks . | . . . . . Terminals . | . . . . . Fabricators . | . . . . . Repair Stations . | . . . . . Recycling Units . | . . . . . Scanalyzers . | . . . . . Garrison Access . | . . . . . Data Cores Recovered . | . . . . . Used . | . . . . . Hacking Detections . | . . . . . Full Trace Events . | . . . . . Feedback Events . | . . . . . Feedback Blocked . | . . . . . Robot Schematics Acquired . | . . . . . Robots Built . | . . . . . Authchips . | . . . . . Time . | . . . . . Total Robot Build Rating . | . . . . . Part Schematics Acquired . | . . . . . Parts Built . | . . . . . Authchips . | . . . . . Time . | . . . . . Total Part Build Rating . | . . . . . Part Studies Acquired . | . . . . . Parts Repaired . | . . . . . Time . | . . . . . Parts Recycled . | . . . . . Recycled Matter . | . . . . . Retrieved Matter . | . . . . . Retrieved Components . | . . . . . Parts Scanalyzed . | . . . . . Part Schematics Acquired . | . . . . . Parts Damaged . | . . . . . Bothacking | -11 -10 -10 -10 -8 ------------ Run | Yrd Mat Min Sub Mat Used RIF Installer . | . . . . . Robots Hacked . | . . . . . Non-combat . | . . . . . Combat . | . . . . . Robot Hacks Applied . | . . . . . Relay Couplers Released . | . . . . . Fabnet Peak Effective % . | . . . . . Robots Rewired . | . . . . . Allies Hacked . | . . . . . Hacks Repelled . | . . . . . Allies | -11 -10 -10 -10 -8 -------- Run | Yrd Mat Min Sub Mat Total Allies 3 | . . 3 . . Largest Group 2 | . . 2 1 . Highest-Rated Group 31 | . . 31 31 . Highest-Rated Ally 31 | . . 31 31 . Total Orders . | . . . . . Ally Attacks 20 | . . 9 11 . Total Damage 121 | . . 64 57 . Kills . | . . . . . Allies Corrupted . | . . . . . Allies Melted . | . . . . . Intel | -11 -10 -10 -10 -8 ------- Run | Yrd Mat Min Sub Mat Active Infowar (turns) 1053 | . 161 117 364 411 Sensors 1053 | . 161 117 364 411 Robot Analysis Total . | . . . . . Derelict Logs Recovered 2 | . . 1 1 . Drone Launches 14 | . . 14 . . Drone Recoveries 13 | . . 8 5 . Exploration | -11 -10 -10 -10 -8 ------------- Run | Yrd Mat Min Sub Mat Turns Passed 2546 | 58 239 1082 677 490 Spaces Moved 1353 | 33 109 602 410 199 Core 31 | 4 . . 13 14 Treads 807 | 29 109 602 67 . Legs 515 | . . . 330 185 Wheels . | . . . . . Hover . | . . . . . Flight . | . . . . . Fastest Speed 50 | 50 160 160 120 100 Average Speed 153 | 146 160 160 130 175 Slowest Speed 550 | 160 160 240 550 350 Overloaded Moves . | . . . . . Propulsion Burnouts . | . . . . . Robots Hopped . | . . . . . Potential Cave-ins . | . . . . . Cave-ins Triggered . | . . . . . Exploration Rate (%) 36 | 4 25 99 29 23 Regions Visited 4 Branch Regions 2 Pre-discovered Areas . | . . . . . Known Exits Taken . | . . . . . Unknown Exits Taken 4 | 1 1 1 1 . Scrap Searched 1 | . . 1 . . Spaces Dug . | . . . . . Terrain Destroyed 195 | . . . 125 70 Melee . | . . . . . Projectile 1 | . . . 1 . AOE 194 | . . . 124 70 Terrain Rammed . | . . . . . Walls Destroyed . | . . . . . Machines Disabled . | . . . . . Actions | -11 -10 -10 -10 -8 --------- Run | Yrd Mat Min Sub Mat Total 1677 | 40 152 705 513 267 Wait 181 | . 27 72 65 17 Move 1349 | 32 108 601 409 199 Hop . | . . . . . Pick Up 12 | 2 1 7 . 2 Fast Attach 28 | 6 2 5 7 8 Attach 4 | . . . 2 2 Detach . | . . . . . Swap 5 | . . 4 1 . Drop 13 | . 1 7 5 . Fire 81 | . 13 8 21 39 Melee . | . . . . . Ram . | . . . . . Kick . | . . . . . Crush . | . . . . . Escape Stasis . | . . . . . Rewire 4 | . . 1 3 . Trap . | . . . . . Miscellaneous . | . . . . . Route ------- -11/Scrapyard -10/Materials -10/Mines (discovered 3 exits: [*Mat x2] / [*Sub]) -10/Subcaves -8/Materials History --------- Turn | Location | Event 5 | -11/Scrapyard | Discovered new exit (range 15) 59 | -11/Scrapyard | Entered Materials 269 | -10/Materials | Discovered new exit (range 16) 298 | -10/Materials | Entered Mines 310 | -10/Mines | Build established: Mutant 391 | -10/Mines | Discovered new exit (range 11) 402 | -10/Mines | Found the Drone Emporium 407 | -10/Mines | Found Prototype Device 408 | -10/Mines | Identified Splice Drone Bay 925 | -10/Mines | Received a Rocket Launcher from a helpful Derelict 1034 | -10/Mines | Discovered new exit (range 7) 1262 | -10/Mines | Discovered new exit (range 9) 1314 | -10/Mines | Received a Mining Laser from a helpful Derelict 1380 | -10/Mines | Entered Subcaves 1380 | -10/Subcaves | Accompanied by 7 allies 1381 | -10/Subcaves | Approached by a straggling Scientist 1460 | -10/Subcaves | Learned 4 Materials zone layouts 1473 | -10/Subcaves | Ambushed by swarm of Subdwellers 1497 | -10/Subcaves | Core integrity fell below 50% 1501 | -10/Subcaves | A swath of the cavern ceiling suddenly collapsed 1525 | -10/Subcaves | Lost 4 parts (2n1u1w) 1547 | -10/Subcaves | Lost 5 allies 1719 | -10/Subcaves | Disturbed a concealed Subdweller 2018 | -10/Subcaves | Ambushed by Subdwellers from Twisted Machinery 2040 | -10/Subcaves | Discovered new exit (range 9) 2041 | -10/Subcaves | Shifting Twisted Machinery released Ripper 2056 | -10/Subcaves | Shifting Twisted Machinery released Battle Cannon 2057 | -10/Subcaves | Entered Materials 2057 | -8/Materials | Evolved 4 slots: Propulsion x1, Utility x2, Weapon x1 2151 | -8/Materials | Lost 3 parts (1p2n) 2413 | -8/Materials | Garrison activated, responded to threat 2432 | -8/Materials | Build established: Skirmisher 2490 | -8/Materials | Core integrity fell below 50% 2547 | -8/Materials | Self-destructed Last Messages --------------- 02525_ R-06 Scavenger inserts Sml. Storage Unit into recycling unit. 02525_ U-05 Engineer lays Concrete. 02526_ K-01 Serf collects debris. 02526_ U-05 Engineer lays Concrete. 02527_ K-01 Serf collects debris. 02527_ U-05 Engineer lays Concrete. 02530_ K-01 Serf collects debris. 02530_ U-05 Engineer lays Concrete. 02531_ K-01 Serf collects debris. 02531_ U-05 Engineer lays Concrete. 02531_ R-06 Scavenger inserts Aluminum Leg into recycling unit. 02531_ Acquired 89 matter. 02532_ U-05 Engineer lays Concrete. 02532_ Acquired 65 matter. 02533_ U-05 Engineer lays Concrete. 02534_ K-01 Serf collects debris. 02535_ A7JAWSQWH9QMHPWL%CZAL/3U 02535_ U-05 Engineer lays Concrete. 02537_ K-01 Serf collects debris. 02537_ U-05 Engineer lays Concrete. Map ----- +----------------------------------------------------+ | + #?????####+###??????????????? | | ### # ## # #???????????????????????????? | | #?## ###### %# #???????????????????????????? | | #??######?# #???????????????????????????? | | #?????????# # #??????????????????????????? | | #??????#######+##### #??????????????????????????? | | #####???# #######???????????????????????? | | #???# # #???????????????????????? | | " #???#"" # #???????????????????????? | | " #???#"Y #[ #???????????????????????? | | " #???#"" # #???????????????????????? | | #???# # #???????????????????????? | | " #???# |# #???????????????????????? | | " #???# # #???????????????????????? | | " #???# # #???????????????????????? | | #???# ; #???????????????????????? | | #####???# " !#???????????????????????? | | ????????# r %" !#???????????????????????? | | ????????# # #????? #?????????????? | | ???????## %* * !###g####??G" #?????????????? | | ???????#" %* # " " #?????????????? | | ???????#" % u + #?????????????? | | ???? " bss# !]! #?????????????? | | ???? # #?? !]! #?????????????? | | ???? ??# """ #????!! #?????????????? | | ????????# """ @#?????? #?????????????? | | ????????# """ #????????#?????????????? | | ????????# #??????????????????????? | | ????????# % #??????????????????????? | | ????????# """ #??????????????????????? | | ????????+ """ #??????????????????????? | | ????? # k """ #??????????????????????? | | ????? # ####???????????????????? | | ?????#### ! ???????????????????? | | ?????### "u w ???????????????????? | | ????? "" ???????????????????? | | ????? """ ???????????????????? | | ????? ???????????????????? | | ????? ???????????????????? | | ?????######################## ???????????????????? | | ????????????????????????????# ???????????????????? | | ????????????????????????????# ???????????????????? | | ????????????????????????????# ???????????????????? | | ????????????????????????????# ???????????????????? | | ????????????????????????????# ???????????????????? | | ????????????????????????????# ???????????????????? | | ????????????????????????????# ???????????????????? | | ????????????????????????????# ???????????????????? | | ????????????????????????????# ???????????????????? | | ???????????????????########## ???????????????????? | +----------------------------------------------------+ Best States ------------- Heat Dissipation 31 Energy Generation 15 Energy Capacity 265 Matter Stores 300 Matter Capacity 300 Sight Range 16 Robot Scan Range 15 Terrain Scan Density 10 Evasion (%) 55 Targeting Accuracy 5 Recoil Reduction 2 Item Schematics ----------------- None Robot Schematics ------------------ None Fabricated ------------ Nothing Repaired ---------- Nothing Studied --------- None Alien Tech Used ----------------- None Achievements -------------- Do Not Disturb I Spy Release The Drones! Challenges ------------ None Game ------ Seed RefineryPowerSubcomponent Manual? 0 Play Time 00:27:47 Cumulative 4.9 hours Start 2026.08.04 @ 11:04:23 End 2026.08.04 @ 15:46:14 Sessions 3 Manual Loads 0 Difficulty Rogue Special Mode None Game No. 7 Rogue 5 Adventurer 2 Explorer 0 Win Type - Total 0 Types 0/0/0/0/0/0/0/0/0/0 Lore% 6 Gallery% 10 Achievement% 11 Wizard Run 0 Options --------- Layout 0 ASCII 0 Keyboard 0 Movement Mouse Keybinds 0 Fullscreen 1 Font 18/SmallcapsGlow Map View 76x50 Zoom Use 0% Tactical HUD 1 Map Filters NONE Filters NONE Steam X RUN: d805547f-d8ce-4a3f-9df3-85669a497a2a